 Dungeon Crawl Stone Soup version 0.28.0-53-g5a82cb258f (webtiles) character file.

Game seed: 11646913850945453563

44699 notso the Fighter (level 14, -2/105 HPs)
             Began as a Djinni Conjurer on June 10, 2022.
             Was a High Priest of Ru.
             Killed from afar by an ice dragon (72 damage)
             ... with a blast of cold
             ... on level 6 of the Lair of Beasts.
             The game lasted 01:53:41 (25724 turns).

notso the Fighter (Djinni Conjurer)                Turns: 25724, Time: 01:53:41

Health: -2/105     AC:  7    Str:  6    XL:     14   Next: 67%
Gold:   1099       EV: 34    Int: 26    God:    Ru [*****.] SH:  0 Dex: 20

rFire   + + +      SeeInvis .   v - +3 dagger (elec)
rCold   x . .      Faith    .   (shield unavailable)
rNeg    + + +      Spirit   .   a - +2 robe of Trial and Error {rN++ Dex+3 Archmagi}
rPois   ∞          Reflect  .   (no helmet)
rElec   .          Harm     .   n - scarf {repulsion}
rCorr   .          Rampage  .   e - +2 pair of gloves
Will    +....      Archmagi +   (boots unavailable)
Stlth   ..........              C - amulet of the acrobat
HPRegen 0.27/turn               (ring unavailable)
MPRegen 0.00/turn               U - ring of Biemevei {rF+ rN+ Int+2 Dex+6 Stlth-}

@: acrobatic, flying, repel missiles
A: sickness immunity, clumsy 1, fire resistance 2, cold vulnerability 1, missing
a hand, no stealth, unskilled 1, float, innate caster, HP casting, extra
vitality 1
a: Renounce Religion, Sacrifice Purity, Sacrifice an Eye, Sacrifice Essence,
Reject Sacrifices, Draw Out Power, Power Leap, Apocalypse


You were on level 6 of the Lair of Beasts.
You worshipped Ru.
Ru was extremely pleased with you.
You visited 2 branches of the dungeon, and saw 17 of its levels.

You collected 1099 gold pieces.

Inventory:

Hand Weapons
 v - a +3 dagger of electrocution (weapon)
Missiles
 i - 573 stones
 j - 8 javelins
 k - 29 poisoned darts
 x - a throwing net
 J - 4 boomerangs
Armour
 a - the +2 robe of Trial and Error (worn) {rN++ Dex+3 Archmagi}
   (You found it on level 4 of the Dungeon)

   Dex:       It affects your dexterity (+3).
   rN:        It greatly protects you from negative energy.
   Archmagi:  It increases the power of your magical spells.
 e - a +2 pair of gloves (worn)
 n - a scarf of repulsion (worn)
 w - a +1 leather armour of cold resistance
 B - +0 steam dragon scales
 E - a +2 leather armour of fire resistance
 I - a +1 cloak of preservation
Magical Staves
 y - a staff of death
Jewellery
 C - an amulet of the acrobat (around neck)
 G - a ring of protection from fire
 U - the ring of Biemevei (right hand) {rF+ rN+ Int+2 Dex+6 Stlth-}
   (You found it on level 1 of the Lair of Beasts)

   [ring of dexterity]

   Int:       It affects your intelligence (+2).
   Dex:       It affects your dexterity (+6).
   rF:        It protects you from fire.
   rN:        It protects you from negative energy.
   Stlth:     It makes you less stealthy.
 V - a ring of fire
Wands
 o - a wand of polymorph (10)
 u - a wand of acid (1)
 K - a wand of mindburst (20)
 M - a wand of iceblast (9)
 Q - a wand of flame (6)
 W - a wand of digging (5)
Scrolls
 b - 4 scrolls of magic mapping
 d - 3 scrolls of fear
 g - 4 scrolls of teleportation
 p - 2 scrolls of vulnerability
 r - a scroll of brand weapon {unknown}
 z - a scroll of enchant weapon {unknown}
 D - 3 scrolls of silence
 F - 2 scrolls of immolation {unknown}
 L - a scroll of blinking {unknown}
 O - a scroll of acquirement {unknown}
 X - a scroll of summoning {unknown}
Potions
 c - 7 potions of heal wounds
 f - 4 potions of attraction
 h - 2 potions of haste {unknown}
 l - 2 potions of degeneration {unknown}
 m - 7 potions of curing
 q - 3 potions of mutation
 s - 2 potions of lignification {unknown}
 t - a potion of cancellation {unknown}
 A - a potion of might {unknown}
 H - a potion of magic {unknown}
 N - 5 potions of flight {unknown}
 P - a potion of resistance {unknown}
 T - 2 potions of berserk rage {unknown}
Miscellaneous
 R - a phial of floods
 Z - a tin of tremorstones (2/2)


   Skills:
 + Level 11.6 Fighting
 - Level 5.0 Short Blades
 - Level 5.0 Armour
 - Level 10.0 Dodging
 - Level 11.0 Spellcasting
 + Level 6.0 Evocations


You had 2 spell levels left.
You knew the following spells:

 Your Spells              Type           Power      Damage    Failure   Level
a - Magic Dart            Conj           100%       1d8       1%          1
b - Searing Ray           Conj           100%       2d8       1%          2
c - Dazzling Flash        Conj/Hex       100%       N/A       1%          3
d - Fulminant Prism       Conj/Hex       41%        3d20      1%          4
e - Iskenderun's Mystic   Conj/Tloc      82%        2d16      1%          4
f - Slow                  Hex            100%       N/A       1%          1
g - Blink                 Tloc           100%       N/A       1%          2
h - Ignite Poison         Fire/Tmut/Pois 82%        N/A       1%          3
i - Summon Guardian Gole  Hex/Summ       82%        N/A       1%          3
j - Agony                 Necr           82%        N/A       1%          5
k - Blade Hands           Tmut           41%        N/A       1%          5
Your spell library was empty.

Dungeon Overview and Level Annotations

Branches:
Dungeon (11/15)            Temple (0/1) D:7            Lair (6/6) D:8
  Swamp (0/4) Lair:4        Snake (0/4) Lair:4        Slime (0/5) Lair:6
    Orc: D:9-12

Altars:
Elyvilon
Fedhas
Gozag
Makhleb
Nemelex Xobeh
Okawaru
Ru
Sif Muna
Trog
Uskayaw
Wu Jian
Xom
Yredelemnul
The Shining One

Shops:
D:5 (   D:7 :

Annotations:
D:5 Duvessa
D:6 2 runed translucent doors


Innate Abilities, Weirdness & Mutations

You are immune to sickness and miasma.
You are immune to poison.
You are clumsy. (Dex -2)
Your flesh is very heat resistant. (rF++)
You are vulnerable to cold. (rC-)
You are missing a hand.
You cannot be stealthy.
You are somewhat unskilled. (-1 Apt)
You float through the air rather than walking.
You learn spells naturally, not from books.
Your magical power is your life essence.
You have superior vitality. (+4 MHP)


Message History

The black mamba is lightly wounded.
The black mamba closely misses you.
A yak comes into view.
A polar bear comes into view.
The black mamba closely misses you.
Your fulminant prism explodes!
The blast of energy engulfs the black mamba!!
The black mamba is severely wounded.
The black mamba closely misses you. The yak completely misses you.
You hear a trumpeting! x3
Casting: Fulminant Prism (safe; 1% risk of failure)
Confirm with . or Enter, or press ? or * to list all spells.
Aiming: Fulminant Prism (safe; 1% risk of failure)
Press: ? - help, Dir - move target You feel a surge of power!
You conjure a prism of explosive energy!
A fulminant prism comes into view.
The black mamba completely misses you. The yak gores you but does no damage.
The black mamba misses you. The black mamba completely misses you.
The yak completely misses you.
The black mamba is stunned by your conviction and fails to attack.
Your fulminant prism crackles loudly.
The rime drake hisses angrily.
The black mamba completely misses you. The yak misses you.
Your fulminant prism explodes!
The blast of energy engulfs the black mamba!!
You kill the black mamba!
You see here a black mamba corpse.
Casting: Fulminant Prism (safe; 1% risk of failure)
Confirm with . or Enter, or press ? or * to list all spells.
You feel a surge of power!
You erupt in a blast of force!
The mystic blast hits the ice dragon!
The ice dragon is lightly wounded.
The mystic blast hits the yak!
The yak is moderately wounded.
The yak is knocked back by the mystic blast.
You see here a cane toad skeleton.
The ice dragon breathes frost at you. The blast of cold hits you!!!!
You feel a terrible chill!
Ouch! That really hurt!
You die...

,,,,,*#....### ******* *,*,,,,
,,,,,P.#.....#### *,*,,,***,,....
,,,,,..#.....##.#**,,,,,,*#......
,,,,,..P.....#h#.DhY.k.,,*#......
,,,,,.........####h#...,,*#......
,,,,,.....Y..## **#*,,,**#......
,,,,,.P#...Y.#######*****##......
,,,,*.......h##....#######.......
,,,,,.....?..D.÷@.........÷......
,,,,,##.....†...÷..........<.....
,,,,**#.P.......÷÷...÷....†......
,,,,*#..#..#..#÷.....#...........
,**,*....P...#..$......$.........
,*,,,............................
,,,,*...................#........
,,,,,..............#...#.........
,,,,,,,...(......P....##.........


You could see an ice dragon (catching breath) and a wolf.

Vanquished Creatures
  The ghost of Hook Fumuih the Nimble, a journeyman DjFE of Makhleb (Lair:1)
  Josephine (Lair:5)
  The ghost of Leew the Polluter, a journeyman NaVM of Okawaru (Lair:1)
  6 hydras
  5 two-headed ogres
  Pikel (D:6)
  An ugly thing (D:11)
  The ghost of Infinimo the Summoner, a novice DESu of Sif Muna (D:7)
  6 elephants (Lair:5)
  A moth of wrath (D:7)
  4 black mambas
  A gargoyle (D:11)
  8 cane toads
  2 unseen horrors
  8 komodo dragons
  2 rime drakes
  3 polar bears
  2 trolls
  5 dream sheep (Lair:1)
  7 blink frogs
  A vampire (D:10)
  A shadow (D:10)
  4 wraiths (Lair:5)
  3 wyverns
  48 yaks
  7 basilisks
  2 steam dragons
  An acid dragon (D:11)
  3 nagas (Lair:4)
  31 water moccasins
  2 ice beasts
  4 orc warriors
  A necrophage (D:5)
  A sky beast (D:6)
  2 ogres (D:6)
  5 wolves (Lair:6)
  3 black bears
  4 centaurs
  2 lemures (D:6)
  A kobold brigand (D:10)
  20 bullfrogs
  3 scorpions
  A wyvern zombie (D:9)
  A gnoll sergeant (D:5)
  Dowan (D:5)
  4 killer bees (D:7)
  A water moccasin skeleton (D:5)
  An electric eel (Lair:4)
  6 howler monkeys
  2 bullfrog zombies (D:6)
  6 hounds
  6 centaur zombies
  A jelly (D:6)
  A bullfrog skeleton (D:6)
  5 orc priests
  3 centaur skeletons
  3 gnoll shamans
  2 iguanas
  Ijyb (D:4)
  Natasha (thrice) (D:2)
  4 orc wizards
  7 hell rats (Lair:5)
  A killer bee zombie (D:8)
  9 gnolls
  19 adders
  2 howler monkey skeletons
  An adder skeleton (D:4)
  3 worms
  2 dart slugs (D:1)
  26 orcs
  6 ball pythons
  6 bats
  6 endoplasms
  A giant cockroach (D:1)
  4 goblins
  3 hobgoblins
  8 jackals
  8 kobolds
  4 quokkas
  3 frilled lizards
  5 rats
  A butterfly (D:11)
  69 fulminant prisms
461 creatures vanquished.

Vanquished Creatures (others)
  2 hydras
  An ogre mage (D:11)
  The ghost of Lurcho Leqiq the Grappler, a journeyman VSTm of Kikubaaqudgha (Lair:2)
  A gargoyle (D:10)
  A troll (D:8)
  A wraith (D:6)
  A yak (Lair:4)
  A wyvern (D:10)
  A water moccasin (Lair:4)
  An ogre (D:11)
  2 bullfrogs (Lair:5)
  5 bushes
  203 fulminant prisms
  42 fungi
  62 plants
325 creatures vanquished.

Grand Total: 786 creatures vanquished

Notes
Turn   | Place    | Note
-------+----------+-------------------------------------------
     0 | D:1      | notso the Djinni Conjurer began the quest for the Orb.
     0 | D:1      | Reached XP level 1. HP: 15/15 MP: 0/0
   227 | D:1      | Reached XP level 2. HP: 14/21 MP: 0/0
   615 | D:1      | Reached XP level 3. HP: 24/25 MP: 0/0
   615 | D:1      | Learned a level 1 spell: Slow
  1719 | D:2      | Noticed Natasha
  1725 | D:2      | Killed Natasha
  1726 | D:2      | Reached skill level 1 in Fighting
  1726 | D:2      | Reached XP level 4. HP: 21/32 MP: 0/0
  1726 | D:2      | Noticed Natasha
  1730 | D:2      | Killed Natasha
  2061 | D:2      | Noticed Natasha
  2068 | D:2      | Killed Natasha
  2069 | D:2      | Reached XP level 5. HP: 26/37 MP: 0/0
  2069 | D:2      | Learned a level 2 spell: Blink
  2601 | D:2      | Found a faded altar of an unknown god.
  2612 | D:2      | Prayed at the altar of an unknown god.
  2612 | D:2      | Became a worshipper of Ru the Awakened
  2621 | D:2      | Gained mutation: You are somewhat unskilled. (-1 Apt) [Ru
                  | sacrifice]
  2621 | D:2      | Reached * piety under Ru
  3029 | D:3      | Found a burning altar of Makhleb.
  3208 | D:3      | Found an opulent altar of Gozag.
  3351 | D:3      | Found an ornate altar of the Wu Jian Council.
  3504 | D:4      | Found a shimmering altar of Xom.
  3736 | D:4      | Found an iron altar of Okawaru.
  3777 | D:4      | Reached XP level 6. HP: 12/43 MP: 0/0
  3877 | D:4      | Noticed a black bear
  4323 | D:4      | Killed a black bear
  4784 | D:4      | Noticed Ijyb
  4794 | D:4      | Killed Ijyb
  5013 | D:4      | Identified the +2 robe of Trial and Error {rN++ Dex+3
                  | Archmagi}
  5153 | D:4      | Reached XP level 7. HP: 44/49 MP: 0/0
  5153 | D:4      | Learned a level 3 spell: Ignite Poison
  5308 | D:5      | Entered Level 5 of the Dungeon
  5691 | D:5      | Gained mutation: You are missing a hand. [Ru sacrifice]
  5691 | D:5      | Reached ** piety under Ru
  5691 | D:5      | Reached *** piety under Ru
  5691 | D:5      | Reached **** piety under Ru
  6277 | D:5      | Noticed a yak
  6277 | D:5      | Noticed a yak
  6277 | D:5      | Noticed a yak
  6291 | D:5      | Reached XP level 8. HP: 42/56 MP: 0/0
  6291 | D:5      | Killed a yak
  6294 | D:5      | Killed a yak
  6294 | D:5      | Killed a yak
  6295 | D:5      | Reached skill level 5 in Dodging
  6493 | D:5      | Found Luma's Weapon Emporium.
  6493 | D:5      | Noticed Dowan
  6494 | D:5      | Noticed Duvessa
  6498 | D:5      | Killed Dowan
  7184 | D:5      | Found a glowing golden altar of the Shining One.
  7554 | D:6      | Found a large runed translucent door.
  7556 | D:6      | Found a large runed translucent door.
  7563 | D:6      | Reached skill level 5 in Spellcasting
  7563 | D:6      | Reached XP level 9. HP: 52/63 MP: 0/0
  7563 | D:6      | Learned a level 3 spell: Summon Guardian Golem
  7564 | D:6      | Noticed a komodo dragon
  7847 | D:6      | Found a large runed translucent door.
  7870 | D:6      | Found a large runed translucent door.
  7888 | D:6      | Reached skill level 5 in Fighting
  7888 | D:6      | Reached skill level 5 in Stealth
  8844 | D:6      | Killed a komodo dragon
  8845 | D:6      | Reached XP level 10. HP: 44/70 MP: 0/0
  9046 | D:6      | Noticed Pikel
  9052 | D:6      | Killed Pikel
  9053 | D:6      | Reached skill level 1 in Short Blades
  9053 | D:6      | Reached skill level 1 in Armour
  9588 | D:6      | Found a blossoming altar of Fedhas.
  9712 | D:6      | Noticed a two-headed ogre
  9728 | D:6      | Killed a two-headed ogre
 10032 | D:7      | Found Xegant's Book Boutique.
 10139 | D:7      | Found a transporter.
 10150 | D:7      | Noticed a moth of wrath
 10215 | D:7      | Found a staircase to the Ecumenical Temple.
 10237 | D:7      | Found a transporter.
 10248 | D:7      | Noticed Infinimo's ghost (novice DESu)
 10644 | D:7      | Gained mutation: You cannot be stealthy. [Ru sacrifice]
 10644 | D:7      | Reached ***** piety under Ru
 10772 | D:7      | Killed a moth of wrath
 10772 | D:7      | Killed Infinimo's ghost
 10773 | D:7      | Reached XP level 11. HP: 56/78 MP: 0/0
 10773 | D:7      | Learned a level 5 spell: Agony
 11939 | D:8      | Found a bloodstained altar of Trog.
 11959 | D:8      | Found a staircase to the Lair.
 12607 | D:9      | Found Keegats's Antique Armour Shop.
 12963 | D:9      | Noticed a +0 dagger
 12963 | D:9      | Noticed a +0 dagger
 12965 | D:9      | Found a hide-covered altar of Uskayaw.
 12986 | D:9      | Noticed a two-headed ogre
 13017 | D:9      | Killed a two-headed ogre
 13935 | D:10     | Entered Level 10 of the Dungeon
 14039 | D:10     | Found a sparkling altar of Nemelex Xobeh.
 14090 | D:10     | Reached skill level 5 in Armour
 14438 | D:10     | Gained mutation: You are clumsy. (Dex -2) [Ru sacrifice]
 14603 | D:10     | Reached skill level 5 in Short Blades
 15021 | D:10     | Found a basalt altar of Yredelemnul.
 15157 | D:10     | Reached XP level 12. HP: 59/86 MP: 0/0
 15639 | D:11     | Noticed a two-headed ogre
 15641 | D:11     | Noticed a two-headed ogre
 15642 | D:11     | Noticed a two-headed ogre
 15644 | D:11     | Noticed an ogre mage
 15647 | D:11     | Killed a two-headed ogre
 15648 | D:11     | Killed a two-headed ogre
 15654 | D:11     | Killed a two-headed ogre
 15669 | D:11     | Killed an ogre mage
 16718 | D:11     | Found a white marble altar of Elyvilon.
 16818 | D:11     | Noticed a seven-headed hydra
 17754 | Lair:1   | Entered Level 1 of the Lair of Beasts
 18171 | Lair:1   | Found a runed translucent gate.
 18171 | Lair:1   | Found a runed translucent gate.
 18171 | Lair:1   | Found a runed translucent gate.
 18242 | Lair:1   | Noticed Hook Fumuih's ghost (journeyman DjFE)
 18242 | Lair:1   | Noticed Leew's ghost (journeyman NaVM)
 18308 | Lair:1   | Reached XP level 13. HP: 74/94 MP: 0/0
 18308 | Lair:1   | Learned a level 5 spell: Blade Hands
 18493 | Lair:1   | Noticed an eight-headed hydra
 18505 | Lair:1   | Killed an eight-headed hydra
 19171 | Lair:1   | Killed Leew's ghost
 19177 | Lair:1   | Killed Hook Fumuih's ghost
 19178 | Lair:1   | Reached skill level 10 in Fighting
 19178 | Lair:1   | Reached skill level 10 in Spellcasting
 19185 | Lair:1   | Identified the ring of Biemevei {rF+ rN+ Int+2 Dex+6
                  | Stlth-}
 19456 | Lair:2   | Noticed a six-headed hydra
 19464 | Lair:2   | Killed a six-headed hydra
 19962 | Lair:2   | Reached skill level 1 in Evocations
 20768 | Lair:2   | Noticed Lurcho Leqiq's ghost (journeyman VSTm)
 20778 | Lair:2   | Found a transporter.
 20780 | Lair:2   | Found a transporter.
 21191 | Lair:2   | Killed Lurcho Leqiq's ghost
 21604 | Lair:3   | Noticed a six-headed hydra
 21616 | Lair:3   | Killed a six-headed hydra
 22412 | Lair:4   | Noticed a five-headed hydra
 22420 | Lair:4   | Killed a five-headed hydra
 22421 | Lair:4   | Reached XP level 14. HP: 37/103 MP: 0/0
 22928 | Lair:4   | Identified the +1 leather armour "Rurasixt" {Will+ Regen+}
 23307 | Lair:4   | Found a staircase to the Snake Pit.
 23755 | Lair:4   | Found a staircase to the Swamp.
 24272 | Lair:5   | Noticed Josephine
 24280 | Lair:5   | Killed Josephine
 24284 | Lair:5   | Reached skill level 5 in Evocations
 24982 | Lair:6   | Entered Level 6 of the Lair of Beasts
 25051 | Lair:6   | Reached skill level 10 in Dodging
 25724 | Lair:6   | Killed from afar by an ice dragon

Illustrated notes

Levels and vault maps discovered:
D:1:      onia_arrival_mini_maze_b, layout_basic
D:2:      layout_basic, shapermc_ecumenical_altar_totnotflames,
          grunt_ministairs_12, uniq_natasha
D:3:      layout_rooms, nicolae_wu_jian_glorious_leap,
          mainiacjoe_overflow_boulevard, mainiacjoe_overflow_24_doors,
          nicolae_gozag_seed_capital, grunt_ministairs_4
D:4:      layout_basic, mainiacjoe_overflow_alcove_4, old_standard_altar,
          minmay_box_of_dots, uniq_ijyb
D:5:      layout_loops_corners, nicolae_overflow_crystal_walls, serial_shops,
          nicolae_shop_statue_plus, amcnicky_mini_corridor_feature, uniq_duvessa
D:6:      layout_rooms, fedhas_altar_3, st_stairs_1, roderic_roman_lattice,
          minmay_hollow_rounded_squares, uniq_pikel
D:7:      layout_basic, temple_green, serial_shops, nicolae_shop_trees,
          gammafunk_ghost_berserking_beasts
D:8:      layout_loops_cross, bloody_trog, minmay_lair_entry_grove,
          glass_columns_a
D:9:      layout_roguey, dancing_weapons_uskayaw,
          eino_small_chamber_without_monster, nicolae_stop_n_shop_1
D:10:     layout_loops_ring, mainiacjoe_overflow_brackets,
          mainiacjoe_overflow_cross_hatched
D:11:     layout_basic, nicolae_elyvilon_peaceful_grove
Lair:1:   layout_misc_corridors, basic_altar, gammafunk_ghost_cemetery,
          beast_lair_carwin_3, serial_bayou_shore_b
Lair:2:   lemuel_reptile_caves, layout_chaotic_city, nzn_ghost_randoct
Lair:3:   layout_cave_pods, nicolae_lair_grove_arrangements,
          grunt_forest_stairs_basic
Lair:4:   layout_gridlike, swamp_mist, minmay_snake_entry_guardpost_small,
          lemuel_fruit_tree
Lair:5:   layout_regular_city, serial_bayou_shore_a, uniq_josephine
Lair:6:   hangedman_lair_caniforms_friends, layout_gridlike,
          dpeg_slime_entry_corner, portal_ice_cave_entry_animals_and_master,
          grunt_forest_small_clearings

Skill      XL: |  1  2  3  4  5  6  7  8  9 10 11 12 13 14 |
---------------+-------------------------------------------+-----
Fighting       | 1 2 3 4 5 6 8 9 10 11 | 11.6
Stealth        | 2 3 4 5 0 |  0.0
Dodging        | 3 3 4 5 7 8 10 | 10.0
Spellcasting   | 4 3 4 5 7 8 9 11 | 11.0
Short Blades   | 3 5 |  5.0
Armour         | 3 5 |  5.0
Evocations     | 3 6 |  6.0

Action                   |  1- 3 |  4- 6 |  7- 9 | 10-12 | 13-15 || total
-------------------------+-------+-------+-------+-------+-------++-------
Melee: Unarmed           |     4 |       |       |       |       ||     4
       Short sword       |     2 |    12 |       |       |       ||    14
       Dagger            |       |       |    10 |     2 |    40 ||    52
 Cast: Magic Dart        |    25 |    48 |    34 |    79 |    30 ||   216
       Searing Ray       |    13 |    27 |    29 |    38 |    37 ||   144
       Slow              |     7 |     7 |    17 |    13 |     2 ||    46
       Fulminant Prism   |       |       |    25 |   132 |   120 ||   277
       Iskenderun's Myst |       |       |     2 |    21 |    44 ||    67
       Summon Guardian G |       |       |       |    25 |     9 ||    34
       Agony             |       |       |       |     2 |       ||     2
Invok: Sacrifice Skill   |       |     1 |       |       |       ||     1
       Draw Out Power    |       |       |     1 |       |       ||     1
       Sacrifice a Hand  |       |       |     1 |       |       ||     1
       Sacrifice Stealth |       |       |       |     1 |       ||     1
       Sacrifice Purity  |       |       |       |     1 |       ||     1
  Use: Scroll            |       |     1 |       |     9 |     7 ||    17
Armor: Robe              |     4 |       |     9 |    18 |    14 ||    45
       Leather armour    |       |    10 |       |       |       ||    10
Dodge: Dodged            |    17 |    28 |    43 |   106 |   123 ||   317
